 Dungeon Crawl Stone Soup version 0.32-a0-330-g213d367 (webtiles) character file.

Game seed: 1387184003939525035

2067 pengboon the Magician (level 9, -1/54 HPs)
             Began as a Deep Elf Conjurer on Feb 16, 2024.
             Killed by an exploding fulminant prism (17 damage)
             ... on level 5 of the Dungeon.
             The game lasted 00:21:35 (6698 turns).

pengboon the Magician (Deep Elf Conjurer)           Turns: 6698, Time: 00:21:36

Health: -1/54      AC:  7    Str:  4    XL:     9   Next: 5%
Magic:  16/20      EV: 14    Int: 28    God:
Gold:   245        SH:  0    Dex: 13    Spells: 10/21 levels left

rFire   . . .        D - +0 whip (freeze)
rCold   . . .        (no shield)
rNeg    . . .        r - +1 robe {Will+}
rPois   .            p - +0 helmet
rElec   .            v - +2 cloak {Will+}
rCorr   .            (no gloves)
SInv    .            (no boots)
Will    ++...        (no amulet)
Stlth   ++           (no ring)
HPRegen 0.29/turn    (no ring)
MPRegen 0.17/turn

%: no passive effects
@: lethally poisoned (-1 -> -10)
A: no striking features
a: no special abilities


You were on level 5 of the Dungeon.
You visited 1 branch of the dungeon, and saw 6 of its levels.

You collected 352 gold pieces.
You spent 107 gold pieces at shops.

Inventory:

Hand Weapons
 u - a +2 dagger of electrocution
 w - the +1 sling of Salt {freeze, rElec rPois Str-3}
   (You found it on level 4 of the Dungeon)

   Str-3:     It affects your strength (-3).
   rElec:     It insulates you from electricity.
   rPois:     It protects you from poison
 D - a +0 whip of freezing (weapon)
Missiles
 z - 2 throwing nets (quivered)
Armour
 c - a +0 leather armour
 d - a +0 buckler
 p - a +0 helmet (worn)
 r - a +1 robe of willpower (worn)
 v - a +2 cloak of willpower (worn)
Talismans
 i - a blade talisman
Wands
 A - a wand of light (13)
Scrolls
 e - a scroll of silence {unknown}
 g - a scroll of blinking {unknown}
 h - a scroll of acquirement {unknown}
 l - 4 scrolls of identify {unknown}
 o - 2 scrolls of fear {unknown}
 s - a scroll of fog {unknown}
 t - 2 scrolls of teleportation
 y - a scroll of vulnerability {unknown}
 C - a scroll of amnesia {unknown}
Potions
 a - a potion of berserk rage {unknown}
 b - a potion of magic
 f - 2 potions of heal wounds
 j - 2 potions of haste {unknown}
 m - a potion of attraction {unknown}
 n - a potion of enlightenment {unknown}
 q - 4 potions of curing
 x - a potion of resistance {unknown}


   Skills:
 + Level 5.3 Fighting
 - Level 6.0 Dodging
 - Level 2.8 Stealth
 - Level 6.6 Spellcasting
 - Level 5.3 Conjurations
 - Level 3.9 Translocations
 - Level 6.0 Alchemy


You had 10 spell levels left.
You knew the following spells:

 Your Spells              Type           Power      Damage    Failure   Level
a - Magic Dart            Conj           100%       1d8       1%          1
b - Searing Ray           Conj           78%        2d7       1%          2
c - Blink                 Tloc           62%        N/A       1%          2
d - Jinxbite              Hex            18%        N/A       9%          2
e - Fulminant Prism       Conj/Alch      20%        3d12      5%          4

Your spell library contained the following spells:

 Spells                   Type           Power      Damage    Failure   Level
 Apportation              Tloc           62%        N/A       1%          1
 Lesser Beckoning         Tloc           62%        N/A       1%          2
 Momentum Strike          Conj/Tloc      70%        3d9       1%          2
 Iskenderun's Mystic Bla  Conj/Tloc      35%        2d8       9%          4
 Alistair's Intoxication  Alch           28%        N/A       14%         5


Dungeon Overview and Level Annotations

Branches:
Dungeon (6/15)
 Temple: D:4-7

Altars:
Elyvilon
Hepliaklqana
Kikubaaqudgha
Makhleb
Qazlal
Wu Jian
Xom
Zin
The Shining One

Shops:
D:5 [

Annotations:
D:5 1 exclusion, Sigmund


Message History

You continue memorising.
The killer bee stings you.
Your memorisation is interrupted.
Okay, then.
Casting: Magic Dart (safe; 1% risk of failure)
Confirm with . or Enter, or press ? or * to list all spells.
Aiming: Fulminant Prism (dangerous; 5% risk of failure)
Press: ? - help, Dir - move target You conjure a prism of explosive energy!
A fulminant prism comes into view.
The killer bee stings you but does no damage.
The killer bee stings you. x2
You are poisoned.
The killer bee poisons you! The killer bee stings you.
The killer bee barely misses you. The killer bee stings you.
You are more poisoned.
The killer bee poisons you!
You feel very sick.
A killer bee comes into view.
The killer bee stings your fulminant prism but does no damage.
The killer bee stings you but does no damage.
The killer bee stings you.
The killer bee stings you but does no damage.
The killer bee stings your fulminant prism.
Your fulminant prism crackles loudly.
You feel very sick.
The killer bee attacks as it pursues you!
The killer bee stings you.
* * * LOW HITPOINT WARNING * * *
The killer bee barely misses you.
Your fulminant prism explodes!
The blast of energy engulfs the killer bee!!
You kill the killer bee!
The blast of energy engulfs the killer bee!
The killer bee is almost dead.
The blast of energy engulfs the killer bee!!
You kill the killer bee!
The blast of energy engulfs the killer bee!
You kill the killer bee!
The blast of energy engulfs you!
You die...

#...# # #..#.###.###############
.#### .#..#..##.# ## .....#.>##.#
# #..#.##.###.# ## #..... ...##.#
.####.#....##..##.# #####
..#..###.......##.# #...#
....#.#...###..##.# #.<.#
....##.#.......y@.# #...#
...###.######†.#### #####.#.#####
......<......y.# #...........#
.#.##..####....# #.<.#...#.<.#
.......# #....## #...........#
...##..####.....#########...#####
...##............................
........###.....##....⌠...ß...†..
........# ##....##............†..


You could see 2 killer bees.

Vanquished Creatures
  Pikel (D:5)
  2 water moccasins (D:6)
  2 ice beasts (D:6)
  An ogre (D:6)
  A centaur (D:6)
  2 kobold brigands (D:6)
  A bullfrog (D:6)
  2 scorpions
  3 killer bees (D:5)
  An electric eel (D:6)
  3 hounds
  2 bombardier beetles
  An orc priest (D:6)
  2 gnoll boudas (D:6)
  A sleepcap (D:5)
  2 iguanas
  4 orc wizards
  3 gnolls (D:6)
  6 adders
  2 ufetubi (D:5)
  2 dart slugs (D:2)
  5 ribbon worms
  12 orcs
  11 endoplasms
  3 giant cockroaches
  12 goblins
  9 hobgoblins
  5 jackals
  13 kobolds
  3 quokkas
  7 ball pythons
  5 bats
  2 frilled lizards
  6 rats
137 creatures vanquished.

Vanquished Creatures (others)
  A fulminant prism (D:5)
1 creature vanquished.

Grand Total: 138 creatures vanquished

Notes
Turn   | Place    | Note
-------+----------+-------------------------------------------
     0 | D:1      | pengboon the Deep Elf Conjurer began the quest for the Orb.
     0 | D:1      | Reached XP level 1. HP: 10/10 MP: 6/6
   143 | D:1      | Reached XP level 2. HP: 15/15 MP: 6/8
   353 | D:1      | Learned a level 2 spell: Searing Ray
   433 | D:1      | Reached XP level 3. HP: 19/19 MP: 7/9
   524 | D:1      | Found a faded altar of an unknown god.
   902 | D:2      | Reached skill level 5 in Conjurations
  1208 | D:2      | Reached XP level 4. HP: 18/24 MP: 2/12
  1887 | D:3      | Learned a level 2 spell: Blink
  2024 | D:3      | Reached skill level 1 in Translocations
  2024 | D:3      | Reached XP level 5. HP: 28/28 MP: 6/13
  2582 | D:3      | Found an ancient bone altar of Kikubaaqudgha.
  2588 | D:3      | Found a hazy altar of Hepliaklqana.
  2590 | D:3      | Found a stormy altar of Qazlal.
  2605 | D:3      | Found a burning altar of Makhleb.
  2927 | D:3      | Found a white marble altar of Elyvilon.
  2927 | D:3      | Found a glowing silver altar of Zin.
  2927 | D:3      | Found a glowing golden altar of the Shining One.
  3242 | D:4      | Reached skill level 5 in Spellcasting
  3304 | D:4      | Found a shimmering altar of Xom.
  3375 | D:4      | Reached XP level 6. HP: 32/32 MP: 10/15
  3595 | D:4      | Identified the +1 sling of Salt {freeze, rElec rPois Str-3}
  3995 | D:5      | Entered Level 5 of the Dungeon
  4080 | D:5      | Reached skill level 5 in Dodging
  4155 | D:5      | Noticed Sigmund
  4358 | D:6      | Noticed an ice beast
  4377 | D:6      | Noticed an ice beast
  4395 | D:6      | Noticed a water moccasin
  4398 | D:6      | HP: 1/32 [ice beast (12)]
  4698 | D:6      | Noticed a water moccasin
  4707 | D:6      | Killed a water moccasin
  4708 | D:6      | Reached XP level 7. HP: 28/36 MP: 6/18
  4972 | D:6      | Learned a level 2 spell: Jinxbite
  5019 | D:6      | Learned a level 4 spell: Fulminant Prism
  5090 | D:6      | Reached skill level 1 in Fighting
  5090 | D:6      | Reached skill level 1 in Alchemy
  5536 | D:6      | Reached XP level 8. HP: 45/45 MP: 13/19
  6074 | D:5      | Reached skill level 5 in Alchemy
  6120 | D:5      | Found an ornate altar of the Wu Jian Council.
  6386 | D:5      | Noticed Pikel
  6399 | D:5      | Killed Pikel
  6400 | D:5      | Reached skill level 5 in Fighting
  6400 | D:5      | Reached XP level 9. HP: 23/54 MP: 7/20
  6606 | D:5      | Found Cewneneb's Antique Armour Shop.
  6609 | D:5      | Bought a glowing robe for 107 gold pieces
  6698 | D:5      | Killed by an exploding fulminant prism

Illustrated notes

Levels and vault maps discovered:
D:1:      psy_arrival_dodecagon, layout_loops_ring,
          chequers_ecumenical_altar_lobes, minmay_tripent
D:2:      layout_rooms, minmay_quantized
D:3:      layout_basic, good_gods_mini_temple, minitemple
D:4:      layout_rooms, mainiacjoe_overflow_catwalk, hangedman_decor_push,
          dk_vineyard_1, minmay_unequal
D:5:      layout_loops_ring, nzn_wu_jian_council_hall, serial_shops,
          nicolae_shop_crystal, nicolae_elevator_lobby_plus, uniq_pikel,
          uniq_sigmund
D:6:      kennysheep_housing_project, layout_gridville,
          minmay_temple_entry_stoned_glass, serial_bayou_pond_b,
          nicolae_figureground_sparkle

Skill      XL: |  1  2  3  4  5  6  7  8 |
---------------+-------------------------+-----
Dodging        | 3 4 5 6 |  6.0
Conjurations   | 5 |  5.3
Spellcasting   | 4 5 6 |  6.6
Translocations | 1 2 3 |  3.9
Fighting       | 2 5 |  5.3
Alchemy        | 3 6 |  6.0
Stealth        | |  2.8

Action                     |  1- 3 |  4- 6 |  7- 9 || total
---------------------------+-------+-------+-------++-------
  Melee: Short sword       |     7 |       |       ||     7
         Dagger            |    13 |    18 |    24 ||    55
  Throw: Throwing net      |       |     2 |       ||     2
   Cast: Magic Dart        |    47 |   124 |    90 ||   261
         Searing Ray       |     3 |    10 |    17 ||    30
         Blink             |       |     1 |       ||     1
         Fulminant Prism   |       |       |     1 ||     1
    Use: Scroll            |       |     2 |       ||     2
         Potion            |       |     2 |       ||     2
   Stab: Sleeping          |     2 |       |       ||     2
 Armour: Robe              |    21 |     6 |    11 ||    38
         Leather armour    |       |    44 |    56 ||   100
  Dodge: Dodged            |    19 |    34 |    60 ||   113
  Block: Buckler           |     7 |     4 |       ||    11

Table legend: (Time is in decaauts)
 A = Elapsed time spent in this place.
 B = Non-inter-level travel time spent in this place.
 C = Inter-level travel time spent in this place.
 D = Time resting spent in this place.
 E = Time spent auto-exploring this place.
 F = Levels seen in this place.
 G = Mean time per level.
                   A        B        C        D        E       F      G
               +--------+--------+--------+--------+--------+-----+--------+
         Total |   6701 |   6530 |    171 |   1812 |   3656 |   6 | 1116.8 |
       Dungeon |   6701 |   6530 |    171 |   1812 |   3656 |   6 | 1116.8 |
               +--------+--------+--------+--------+--------+-----+--------+

Top non-repeatable levels by time:
     D:6: 1790 daAuts
     D:3: 1414 daAuts
     D:5: 913 daAuts
     D:1: 890 daAuts
     D:4: 872 daAuts
     D:2: 819 daAuts
